AoeStats
← JoshB

Hideout

509702991Analyzed
1v1 RM · 3d ago on Sep 27, 2026· 31m 12s· 2 players
Game mode
Random Map
Map size
Tiny (2 player)
Population
200
Speed
Normal
Resources
Standard
Victory
Conquest
Starting age
Dark Age
Ending age
Imperial Age
RankedLock teamsTeams togetherTeam positionsShared explorationLock speedFull tech treeHidden civsTurbo modeCheats
Victory
Defeat
🇬🇧 Cumans · United Kingdom
462
+16
🇨🇦 Maya · Canada
453
-16
Logan Paul
0:28 Loom
12:17 Feudal Age
13:35 Wheelbarrow
14:05 Horse Collar
14:25 Town Watch
17:54 Castle Age
19:08 Heavy Plow
23:45 Guard Tower
23:52 Double-Bit Axe
26:37 Ballistics
26:01 Treadmill Crane
28:12 Eagle Warrior
28:54 Squires
JoshB
6:40 Loom
10:01 Feudal Age
13:50 Horse Collar
14:00 Double-Bit Axe
15:35 Wheelbarrow
22:44 Castle Age
21:14 Scale Barding Armor
21:31 Forging
21:51 Fletching
22:03 Padded Archer Armor
22:03 Gold Mining
22:07 Stone Mining
23:49 Chain Barding Armor
24:05 Iron Casting
23:46 Bow Saw
26:02 Gold Shaft Mining
27:38 Hand Cart
30:17 Bodkin Arrow
Connection lost

Rejoining the realm…

Still unreachable

The connection could not be restored.

Session expired

The server has moved on; the page needs a fresh start.